Match 42616900
Unlisted

Match 42616900
End
Royal Engineer Section
Construct Section Command Post
Selects Canadian Shock Battlegroup
Infantry Section
Infantry Section
Selects Attacking Spirit
Selects Canadian Shock Section
Canadian Shock Section
Construct Platoon Command Post
Grenade Package
Selects Incendiary Munitions
Humber Armored Car
Construct Field Infirmary
Vickers Machine Gun Team
6-pounder Anti-tank Gun Team
Selects Pyrotechnics
Construct Company Command Post
Foot Guards Section
Matilda II Heavy Tank
Selects Churchill Crocodile Heavy Tank
Foot Guards Section
Churchill Crocodile Heavy Tank
Selects Smoke Operation
BIOHAZARD
dark.willow121
0
0

Comments sign in to comment!

No comments posted yet!